 Dungeon Crawl Stone Soup version 0.28-a0-796-gd4f0d3f9b2 (webtiles) character file.

Game seed: 1359805713352215103

156 Gargoyl the Skirmisher (level 5, -1/47 HPs)
             Began as a Gnoll Abyssal Knight on Nov 6, 2021.
             Was a Believer of Lugonu.
             Slain by an ogre (11 damage)
             ... on level 3 of the Dungeon.
             The game lasted 00:04:58 (3003 turns).

Gargoyl the Skirmisher (Gnoll Abyssal Knight)       Turns: 3003, Time: 00:04:59

Health: -1/47      AC: 16    Str: 13    XL:     5   Next: 38%
Magic:  8/8        EV:  6    Int: 10    God:    Lugonu [**....]
Gold:   44         SH:  0    Dex: 12    Spells: 6/6 levels left

rFire   . . .      SeeInvis .   a - +2 hand axe
rCold   . . .      Faith    .   (no shield)
rNeg    . . .      Spirit   .   d - +0 chain mail
rPois   .          Reflect  .   j - +2 hat
rElec   .          Harm     .   (no cloak)
rCorr   .          Rampage  .   m - +0 pair of gloves
Will    .....                   (no boots)
Stlth   ..........              (no amulet)
HPRegen 0.15/turn               c - +4 ring of protection
MPRegen 0.11/turn               (no ring)

@: no status effects
A: fangs 1, strong nose, distributed training
a: Renounce Religion, Depart the Abyss, Bend Space


You were on level 3 of the Dungeon.
You worshipped Lugonu.
Lugonu was pleased with you.
You visited 1 branch of the dungeon, and saw 4 of its levels.
You visited the Abyss 1 time.

You collected 98 gold pieces.
You spent 54 gold pieces at shops.

Inventory:

Hand Weapons
 a - a +2 hand axe (weapon)
Armour
 d - a +0 chain mail (worn)
 j - a +2 hat (worn)
 m - a +0 pair of gloves (worn)
Jewellery
 c - a +4 ring of protection (left hand)
Scrolls
 n - 3 scrolls of fog
Potions
 e - a potion of berserk rage {unknown}
 i - a potion of might {unknown}
 k - a potion of lignification {unknown}


   Skills:
 + Level 6.7 Fighting
 + Level 1.4 Short Blades
 + Level 1.4 Long Blades
 + Level 4.8 Axes
 + Level 1.4 Maces & Flails
 + Level 1.4 Polearms
 + Level 1.4 Staves
 + Level 1.4 Slings
 + Level 1.4 Bows
 + Level 1.4 Crossbows
 + Level 1.4 Throwing
 + Level 4.8 Armour
 + Level 3.0 Dodging
 + Level 1.4 Stealth
 + Level 1.4 Shields
 + Level 1.4 Unarmed Combat
 + Level 1.4 Spellcasting
 + Level 1.1 Conjurations
 + Level 1.1 Hexes
 + Level 1.1 Summonings
 + Level 1.1 Necromancy
 + Level 1.1 Translocations
 + Level 1.1 Transmutations
 + Level 1.1 Fire Magic
 + Level 1.1 Ice Magic
 + Level 1.1 Air Magic
 + Level 1.1 Earth Magic
 + Level 1.1 Poison Magic
 + Level 4.8 Invocations
 + Level 1.4 Evocations


You had 6 spell levels left.
You didn't know any spells.
Your spell library contained the following spells:

 Spells                   Type           Power      Damage    Failure   Level
 Slow                     Hex            12%        N/A       99%         1
 Confusing Touch          Hex            3%         N/A       100%        3
 Vampiric Draining        Necr           3%         2d6       100%        3


Dungeon Overview and Level Annotations

Branches:
Dungeon (4/15)
 Temple: D:4-7

Altars:
Beogh

Shops:
D:3 *[(

Annotations:
D:3 3 runed translucent doors, Ijustatesigmund's ghost, amateur GnFi


Innate Abilities, Weirdness & Mutations

You have very sharp teeth.
Your uncanny sense of smell can sniff out nearby items.
Your experience applies equally to all skills.


Message History

You hit the ogre.
The ogre is heavily wounded.
The ogre closely misses you.
Throw: 2 darts (poison)
Press: ? - help, Q - select action, (/) - cycle Shift-Dir - straight line, f/p - ogre
Aim: an ogre, wielding a +0 giant club (heavily wounded, poisoned, 75% to hit)
You throw a poisoned dart. The poisoned dart hits the ogre.
The ogre looks even sicker.
The ogre is heavily wounded.
Throw: dart (poison)
Press: ? - help, Q - select action, (/) - cycle Shift-Dir - straight line, f/p - ogre
Aim: an ogre, wielding a +0 giant club (heavily wounded, very poisoned, 75% to hit)
You throw a poisoned dart.
The poisoned dart barely misses the ogre.
The ogre barely misses you.
The ogre looks more healthy.
There is a stone staircase leading up here.
Throw: throwing net
Press: ? - help, Q - select action, (/) - cycle Shift-Dir - straight line, f/p - ogre
Aim: an ogre, wielding a +0 giant club (almost dead, 73% to hit)
You throw a throwing net. The throwing net hits the ogre.
The ogre is caught in the net!
The ogre is almost dead.
The ogre struggles against the net.
The ogre struggles against the net.
The ogre struggles against the net.
The ogre struggles against the net.
The ogre struggles against the net.
The net rips apart, and the ogre comes free!
You hit the ogre.
The ogre is almost dead.
The ogre hits you with a +0 giant club!
* * * LOW HITPOINT WARNING * * *
You hit the ogre. You bite the ogre, but do no damage.
The ogre is almost dead.
The ogre completely misses you.
You hit the ogre.
The ogre is almost dead.
The ogre hits you with a +0 giant club!
You die...

...............#.# #.#
..........#.##.#.# #.#
#...........##.#.# #.#
#.....##.#####.#<#####.#
#.....##.# #...........#
#.....##.# ###...#######
......##.# #.#.#####
##.#.##### #.#O....#
##.#.# ###@#####
##.#.####### #.#
...........### #.#
##.#.#.......# #.#
.............# ###
##.###.......# ####
#.......# # #.......# #
#.......#


You could see an ogre.

Vanquished Creatures
  Jessica (D:2)
  Robin (D:3)
  5 adders
  A worm (D:2)
  An orc (D:3)
  6 ball pythons
  6 endoplasms
  3 giant cockroaches (D:1)
  14 goblins
  12 hobgoblins
  2 jackals (D:1)
  A quokka (D:2)
  3 bats
  A frilled lizard (D:3)
  3 kobolds
  2 rats
62 creatures vanquished.

Notes
Turn   | Place    | Note
-------+----------+-------------------------------------------
     0 | Abyss:1  | Gargoyl the Gnoll Abyssal Knight began the quest for the
                  | Orb.
     0 | Abyss:1  | Reached XP level 1. HP: 23/23 MP: 3/3
    73 | Abyss:1  | Noticed a bone dragon
    73 | Abyss:1  | Noticed a hellwing
    74 | D:1      | Escaped the Abyss
   348 | D:1      | Reached * piety under Lugonu
   349 | D:1      | Reached XP level 2. HP: 29/29 MP: 5/5
   665 | D:1      | Found a faded altar of an unknown god.
  1137 | D:2      | Reached XP level 3. HP: 33/35 MP: 6/6
  1360 | D:2      | Reached skill level 1 in Short Blades
  1360 | D:2      | Reached skill level 1 in Long Blades
  1360 | D:2      | Reached skill level 1 in Maces & Flails
  1360 | D:2      | Reached skill level 1 in Polearms
  1360 | D:2      | Reached skill level 1 in Staves
  1360 | D:2      | Reached skill level 1 in Slings
  1360 | D:2      | Reached skill level 1 in Bows
  1360 | D:2      | Reached skill level 1 in Crossbows
  1360 | D:2      | Reached skill level 1 in Throwing
  1360 | D:2      | Reached skill level 1 in Stealth
  1360 | D:2      | Reached skill level 1 in Shields
  1360 | D:2      | Reached skill level 1 in Unarmed Combat
  1360 | D:2      | Reached skill level 1 in Spellcasting
  1360 | D:2      | Reached skill level 1 in Evocations
  1360 | D:2      | Reached XP level 4. HP: 40/41 MP: 7/7
  1420 | D:2      | Noticed Jessica
  1433 | D:2      | Killed Jessica
  1497 | D:2      | Reached skill level 1 in Conjurations
  1497 | D:2      | Reached skill level 1 in Hexes
  1497 | D:2      | Reached skill level 1 in Summonings
  1497 | D:2      | Reached skill level 1 in Necromancy
  1497 | D:2      | Reached skill level 1 in Translocations
  1497 | D:2      | Reached skill level 1 in Transmutations
  1497 | D:2      | Reached skill level 1 in Fire Magic
  1497 | D:2      | Reached skill level 1 in Ice Magic
  1497 | D:2      | Reached skill level 1 in Air Magic
  1497 | D:2      | Reached skill level 1 in Earth Magic
  1497 | D:2      | Reached skill level 1 in Poison Magic
  1828 | D:3      | Noticed Robin
  1858 | D:3      | Killed Robin
  1859 | D:3      | Reached XP level 5. HP: 36/47 MP: 8/8
  2032 | D:3      | Reached ** piety under Lugonu
  2111 | D:3      | Found a runed translucent gate.
  2134 | D:3      | Found Ureufue's General Store.
  2206 | D:3      | Bought a +0 pair of gloves for 54 gold pieces
  2407 | D:3      | Found Cosiashre's Antique Armour Boutique.
  2492 | D:3      | Found a runed translucent gate.
  2493 | D:3      | Found a runed translucent gate.
  2494 | D:3      | Noticed Ijustatesigmund's ghost (amateur GnFi)
  2512 | D:3      | Found Ydaduj's Weapon Boutique.
  2592 | D:3      | Identified the +4 ring mail of the Bruised Coins {Will+
                  | Str+2 Int+4 Dex+4}
  2789 | D:4      | Noticed an ogre
  3003 | D:3      | Slain by an ogre

Illustrated notes

Levels and vault maps discovered:
D:1:      dpeg_arrival_pits, layout_loops_corners,
          hellmonk_ecumenical_altar_dog_temple
D:2:      layout_rooms, minmay_misc_feat_room, uniq_jessica
D:3:      layout_basic, serial_shops, shop, shop, shop,
          biasface_ghost_orc_armoury, uniq_robin
D:4:      layout_loops_ring, grunt_temple_overflow_opulence

Skill      XL: |  1  2  3  4  5 |
---------------+----------------+-----
Short Blades   | 1 |  1.4
Long Blades    | 1 |  1.4
Maces & Flails | 1 |  1.4
Polearms       | 1 |  1.4
Staves         | 1 |  1.4
Slings         | 1 |  1.4
Bows           | 1 |  1.4
Crossbows      | 1 |  1.4
Throwing       | 1 |  1.4
Stealth        | 1 |  1.4
Shields        | 1 |  1.4
Unarmed Combat | 1 |  1.4
Spellcasting   | 1 |  1.4
Evocations     | 1 |  1.4
Conjurations   | 1 |  1.1
Hexes          | 1 |  1.1
Summonings     | 1 |  1.1
Necromancy     | 1 |  1.1
Translocations | 1 |  1.1
Transmutations | 1 |  1.1
Fire Magic     | 1 |  1.1
Ice Magic      | 1 |  1.1
Air Magic      | 1 |  1.1
Earth Magic    | 1 |  1.1
Poison Magic   | 1 |  1.1
Dodging        | 3 |  3.0
Fighting       | |  6.7
Axes           | |  4.8
Armour         | |  4.8
Invocations    | |  4.8

Action                   |  1- 3 |  4- 6 || total
-------------------------+-------+-------++-------
Melee: Hand axe          |    82 |   112 ||   194
       Bite              |     4 |     9 ||    13
Throw: Dart              |     5 |    19 ||    24
       Throwing net      |       |     1 ||     1
Invok: Depart the Abyss  |     1 |       ||     1
  Use: Scroll            |       |     5 ||     5
       Potion            |       |     1 ||     1
Armor: Leather armour    |    37 |    42 ||    79
       Chain mail        |       |     2 ||     2
Dodge: Dodged            |    49 |    66 ||   115

Table legend: (Time is in decaauts)
 A = Elapsed time spent in this place.
 B = Non-inter-level travel time spent in this place.
 C = Inter-level travel time spent in this place.
 D = Time resting spent in this place.
 E = Time spent auto-exploring this place.
 F = Levels seen in this place.
 G = Mean time per level.
                   A        B        C        D        E       F      G
               +--------+--------+--------+--------+--------+-----+--------+
         Total |   3013 |   2918 |     95 |    211 |   1900 |   5 |  602.6 |
       Dungeon |   2939 |   2844 |     95 |    211 |   1828 |   4 |  734.8 |
         Abyss |     74 |     74 |      0 |      0 |     72 |   1 |   74.0 |
               +--------+--------+--------+--------+--------+-----+--------+

Top non-repeatable levels by time:
     D:3: 1282 daAuts
     D:1: 1036 daAuts
     D:2: 608 daAuts
 Abyss:1: 74 daAuts
     D:4: 12 daAuts
